 Dungeon Crawl Stone Soup version 0.21.0 (webtiles) character file.

4990 HungrySpirit the Basher (level 10, -9/66 HPs)
             Began as a Gargoyle Fighter on Jan 5, 2018.
             Was a Priest of Okawaru.
             Mangled by an ice devil (11 damage)
             ... summoned by a kobold demonologist
             ... on level 11 of the Dungeon.
             The game lasted 00:13:13 (7784 turns).

HungrySpirit the Basher (Gargoyle Fighter)          Turns: 7784, Time: 00:13:14

Health: -9/66      AC: 27    Str: 22    XL:     10   Next: 54%
Magic:  10/10      EV:  6    Int: 10    God:    Okawaru [***...]
Gold:   315        SH:  0    Dex:  9    Spells: 9/9 levels left

rFire    . . .     SeeInvis .   d - +4 dire flail
rCold    . . .     Gourm    .   (shield currently unavailable)
rNeg     + . .     Faith    .   D - +1 plate armour
rPois    ∞         Spirit   .   u - +1 hat
rElec    +         Reflect  .   (no cloak)
rCorr    .         Harm     .   v - +2 pair of gloves
MR       ++...                  C - +0 pair of boots
Stlth    ..........             (no amulet)
HPRegen  0.21/turn              k - ring of protection from magic
MPRegen  0.12/turn              i - ring of protection from magic

@: no status effects
A: negative energy resistance 1, electricity resistance, unbreathing,
petrification resistance, rot immunity, AC +7
a: Heroism, Renounce Religion


You were on level 11 of the Dungeon.
You worshipped Okawaru.
Okawaru was most pleased with you.
You were not hungry.

You visited 2 branches of the dungeon, and saw 11 of its levels.

You collected 384 gold pieces.
You spent 69 gold pieces at shops.

Inventory:

Hand Weapons
 d - a +4 dire flail (weapon)
 j - a +3 whip of venom
 x - a +3 flail of holy wrath
Armour
 c - a +0 shield
 u - a +1 hat (worn)
 v - a +2 pair of gloves (worn)
 C - a +0 pair of boots (worn)
 D - a +1 plate armour (worn)
Jewellery
 i - a ring of protection from magic (right hand)
 k - a ring of protection from magic (left hand)
 n - an uncursed ring of fire
 G - an uncursed ring of stealth
Wands
 h - a wand of digging (10)
 w - a wand of disintegration (10)
Scrolls
 e - 5 scrolls of teleportation
 g - 5 scrolls of identify
 l - 2 scrolls of blinking
 m - a scroll of immolation
 p - a scroll of enchant armour
 s - a scroll of vulnerability {unknown}
 t - 3 scrolls of remove curse
 y - a scroll of fear
Potions
 a - 2 potions of lignification {unknown}
 o - a potion of cancellation
 q - 3 potions of mutation
 r - 2 potions of curing
 z - a potion of haste
 A - a potion of magic
 E - a potion of berserk rage
 F - a potion of agility
Comestibles
 b - 2 chunks of flesh
 f - 19 rations


   Skills:
 + Level 9.5 Fighting
 * Level 11.5 Maces & Flails
 + Level 7.2 Armour
 - Level 3.2 Shields


You had 9 spell levels left.
You didn't know any spells.

Dungeon Overview and Level Annotations

Branches:
Dungeon (9/15)             Temple (1/1) D:7
   Lair: D:8-11         Orc: D:9-12

Altars:
Ashenzari
Cheibriados
Dithmenos
Elyvilon
Fedhas
Hepliaklqana
Kikubaaqudgha
Nemelex Xobeh
Okawaru
Qazlal
Ru
Sif Muna
Uskayaw
Wu Jian
Xom
Yredelemnul
Zin

Shops:
D:6 *   D:8 :

Annotations:
D:7 2 runed doors, exclusion: orange crystal statue


Innate Abilities, Weirdness & Mutations

You are resistant to torment.
Your stone body is resilient. (AC +7)
You are immune to poison.
You resist negative energy. (rN+)
You are resistant to electric shocks. (rElec)
You can survive without breathing.
You are immune to petrification.
You are immune to rotting.


Message History

The kobold demonologist begins to cast a cantrip, but forgets the words!
You impale the kobold demonologist!!
You kill the kobold demonologist!
Okawaru accepts your kill.
The red devil disappears in a puff of smoke!
The quasit disappears in a puff of smoke!
The ice devil hits you. The ice devil freezes you!!
The kobold demonologist casts a spell.
Items here: ( ))) [[ †† You sock the ice devil!
The ice devil is moderately wounded.
The ice devil hits you. The ice devil freezes you!!
* * * LOW HITPOINT WARNING * * *
You barely miss the ice devil.
The ice devil is moderately wounded.
The kobold demonologist looks braver for a moment.
The ice devil hits you.
* * * LOW HITPOINT WARNING * * *
The ice devil freezes you!
You die... .. .# $# .# 3# K# #########4# ........@.# ###########

You could see an ice devil, a kobold demonologist and a smoke demon.

Vanquished Creatures
  2 two-headed ogres
  The ghost of Monsterracer the Chopper, a novice MiBe of Trog (D:5)
  2 kobold demonologists (D:11)
  A human (D:7)
  4 hogs (D:7)
  A sky beast (D:9)
  2 ice beasts
  A phantom (D:5)
  6 ogres
  3 big kobolds
  2 bullfrogs
  2 scorpions
  3 wights (D:8)
  A crimson imp (D:9)
  A jelly (D:5)
  4 hounds
  A bullfrog skeleton (D:9)
  4 iguanas
  3 orc wizards
  A worker ant (D:4)
  A killer bee zombie (D:6)
  A hound zombie (D:6)
  A hound skeleton (D:5)
  A worker ant zombie (D:8)
  12 gnolls
  6 adders
  A howler monkey skeleton (D:9)
  An adder skeleton (D:4)
  A dart slug (D:1)
  5 leopard geckos
  12 orcs
  14 giant cockroaches
  8 goblins
  5 hobgoblins
  9 jackals
  16 kobolds
  2 quokkas
  3 ball pythons
  5 bats
  3 frilled lizards (D:1)
  A giant cockroach zombie (D:5)
  A quokka skeleton (D:5)
  A quokka zombie (D:6)
  7 rats
162 creatures vanquished.

Notes
Turn   | Place    | Note
-------+----------+-------------------------------------------
     0 | D:1      | HungrySpirit the Gargoyle Fighter began the quest for the Orb.
     0 | D:1      | Reached XP level 1. HP: 14/14 MP: 1/1
   397 | D:1      | Reached XP level 2. HP: 16/19 MP: 2/2
   597 | D:1      | Reached skill level 3 in Maces & Flails
   760 | D:2      | Reached XP level 3. HP: 16/24 MP: 3/3
   971 | D:2      | Reached XP level 4. HP: 22/29 MP: 4/4
  1134 | D:2      | Reached skill level 4 in Maces & Flails
  1608 | D:2      | Reached XP level 5. HP: 34/34 MP: 5/5
  3004 | D:4      | Reached skill level 5 in Maces & Flails
  3077 | D:4      | Noticed an ogre
  3118 | D:3      | Reached XP level 6. HP: 40/40 MP: 6/6
  3195 | D:4      | Reached skill level 5 in Fighting
  3563 | D:4      | Reached skill level 6 in Maces & Flails
  3563 | D:4      | Reached XP level 7. HP: 31/44 MP: 7/7
  3783 | D:5      | Entered Level 5 of the Dungeon
  3810 | D:5      | Found a shimmering altar of Xom.
  3812 | D:5      | Found a shimmering altar of Xom.
  3812 | D:5      | Found a sparkling altar of Nemelex Xobeh.
  3814 | D:5      | Found a basalt altar of Yredelemnul.
  3814 | D:5      | Found a hide-covered altar of Uskayaw.
  3814 | D:5      | Found a glowing silver altar of Zin.
  4168 | D:5      | Found a basalt altar of Yredelemnul.
  4462 | D:5      | Noticed Monsterracer's ghost (novice MiBe)
  4480 | D:5      | Killed Monsterracer's ghost
  4480 | D:5      | Reached skill level 7 in Maces & Flails
  4480 | D:5      | Reached XP level 8. HP: 41/52 MP: 8/8
  4935 | D:6      | Reached skill level 8 in Maces & Flails
  5374 | D:6      | Found Innosed's Assorted Antiques.
  5377 | D:6      | Bought a scroll labeled QIG ECLIATAE for 23 gold pieces
  5377 | D:6      | Bought a scroll labeled DEUDUL UHUB for 23 gold pieces
  5377 | D:6      | Bought a scroll labeled OFOMIO WIOVAI for 23 gold pieces
  5717 | D:7      | Found a runed door.
  5723 | D:7      | Found the +10 large shield of Ignorance {rN+ Int-4}
  5728 | D:7      | Found a runed door.
  5776 | D:7      | Noticed an orange crystal statue
  5896 | D:7      | Found a staircase to the Ecumenical Temple.
  6024 | Temple   | Entered the Ecumenical Temple
  6057 | Temple   | Became a worshipper of Warmaster Okawaru
  6373 | D:7      | Reached skill level 9 in Maces & Flails
  6382 | D:7      | Reached XP level 9. HP: 53/58 MP: 9/9
  6392 | D:7      | Reached * piety under Okawaru
  6412 | D:7      | Reached skill level 5 in Armour
  6855 | D:8      | Noticed a two-headed ogre
  6979 | D:8      | Found Saqyela's Book Shop.
  7007 | D:8      | Killed a two-headed ogre
  7007 | D:8      | Reached skill level 10 in Maces & Flails
  7087 | D:8      | Reached ** piety under Okawaru
  7194 | D:8      | Reached XP level 10. HP: 32/65 MP: 10/10
  7627 | D:9      | Noticed a two-headed ogre
  7642 | D:9      | Killed a two-headed ogre
  7642 | D:9      | Reached skill level 11 in Maces & Flails
  7656 | D:9      | Reached *** piety under Okawaru
  7738 | D:9      | Noticed an elephant
  7744 | D:9      | You fall through a shaft for 2 floors!
  7744 | D:11     | Noticed a kobold demonologist
  7761 | D:11     | Killed a kobold demonologist
  7764 | D:11     | Noticed a kobold demonologist
  7766 | D:11     | Noticed a kobold demonologist
  7781 | D:11     | Killed a kobold demonologist
  7783 | D:11     | Noticed a smoke demon
  7784 | D:11     | HP: 2/66 [ice devil[a kobold demonologist] (6)]
  7784 | D:11     | Mangled by an ice devil

Skill      XL: |  1  2  3  4  5  6  7  8  9 10 |
---------------+-------------------------------+-----
Maces & Flails | 3 4 5 6 7 9 10 11 | 11.5
Fighting       | 4 5 6 7 8 9 |  9.5
Armour         | 4 6 7 |  7.2
Shields        | |  3.2

Action                   |  1- 3 |  4- 6 |  7- 9 | 10-12 || total
-------------------------+-------+-------+-------+-------++-------
Melee: Flail             |    11 |       |    36 |       ||    47
       Whip              |    52 |   181 |   263 |    87 ||   583
       Dire flail        |       |       |       |    22 ||    22
Throw: Throwing net      |       |     1 |       |       ||     1
Invok: Heroism           |       |       |       |     2 ||     2
Evoke: Wand              |       |       |     8 |     4 ||    12
  Use: Potion            |       |     1 |       |       ||     1
       Scroll            |       |       |    20 |       ||    20
  Eat: Chunk             |       |     8 |    12 |     2 ||    22
Armor: Scale mail        |    29 |   107 |    42 |       ||   178
       Plate armour      |       |       |    92 |    81 ||   173
Dodge: Dodged            |    31 |    99 |    63 |    35 ||   228
